 Dungeon Sprint DCSS version 0.13-a0-2776-g5b28ffd (webtiles) character file.

26 JacquesDerrida the Slasher (level 1, -3/15 HPs)
             Began as a Demonspawn Skald on Aug 25, 2013.
             Was an Initiate of Vehumet.
             Slain by a quokka (5 damage)
             ... in the Dungeon (Sprint VII: "The Pits").
             The game lasted 00:00:51 (112 turns).

JacquesDerrida the Slasher (Demonspawn Skald)        Turns: 112, Time: 00:00:51

HP  -3/15        AC  3     Str 12      XL: 1   Next: 75%
MP   2/3         EV 10     Int 13      God: Vehumet [......]
Gold 20          SH  0     Dex 12      Spells:  1 memorised,  3 levels left

Res.Fire  : . . .   See Invis. : .   k - +2 falchion
Res.Cold  : . . .   Warding    : .   b - +0 leather armour
Life Prot.: . . .   Conserve   : .   (no shield)
Res.Poison: .       Res.Corr.  : .   (no helmet)
Res.Elec. : .       Clarity    : .   (no cloak)
Sust.Abil.: . .     Spirit.Shd : .   (no gloves)
Res.Mut.  : .       Prev.Telep.: +   (no boots)
Res.Rott. : .       Flight     : .   (no amulet)
Saprovore : . . .                    (no ring)
                                     (no ring)

@: not resistant to hostile enchantments, very unstealthy
A: no striking features
a: Renounce Religion


You were in the Dungeon.
You worshipped Vehumet.
Vehumet was noncommittal.
You were not hungry.

You visited 1 branch

Inventory:

Hand weapons
 k - a +2,+2 falchion (weapon)
Armour
 b - a +0 leather armour (worn)
Comestibles
 a - 40 strawberries
 d - 8 bread rations
 l - 7 meat rations
Scrolls
 j - a scroll of blinking
 n - 2 scrolls of vulnerability
 o - 3 scrolls of remove curse
 p - 5 scrolls of amnesia
 q - a scroll of summoning
Potions
 e - a potion of curing
 f - a potion of heal wounds
 g - a potion of speed
 h - 4 potions of magic
 i - 3 potions of berserk rage
 m - 2 potions of invisibility
Books
 c - a book of Battle

   Spells                             Type                      Level
   *Infusion                          Charms                       1
   Shroud of Golubria                 Charms/Translocation         2
   Song of Slaying                    Charms                       2
   Spectral Weapon                    Hexes/Charms                 3
   Regeneration                       Charms/Necromancy            3
   Song of Shielding                  Charms                       4


   Skills:
 - Level 2.0 Fighting
 * Level 3.2 Long Blades
 - Level 0.8 Armour
 - Level 0.8 Dodging
 - Level 2.0 Spellcasting
 + Level 3.2 Charms


You had 3 spell levels left.
You knew the following spells:

 Your Spells              Type           Power        Failure   Level  Hunger
a - Infusion              Chrm           #.....       10%         1    ##.....


Dungeon Overview and Level Annotations

Branches:
Dungeon (1/1)

Altars:
Ashenzari
Cheibriados
Elyvilon
Fedhas
Kikubaaqudgha
Makhleb
Nemelex Xobeh
Okawaru
Sif Muna
Trog
Vehumet
Xom
Yredelemnul
Zin
the Shining One
Beogh
Jiyva
Lugonu


Message History

The bat barely misses you.
There is an open door here.
The bat closely misses you.
Casting: Infusion
Confirm with . or Enter, or press ? or * to list all spells.
Your attacks are magically infused.
The bat hits you but does no damage.
Firing (i - inventory): No suitable missiles.
Press: ? - help, Shift-Dir - straight line, f - quokka
Aim: a quokka
Okay, then.
The bat closely misses you. The bat barely misses you.
You are feeling less magically infused.
The bat hits you.
* * * LOW HITPOINT WARNING * * *
You miss the bat. The bat hits you but does no damage.
You closely miss the bat. The bat hits you.
* * * LOW HITPOINT WARNING * * *
The quokka bites you.
You die...

############
#__________#
#_____..___#
#######'##############
#).)).b@'..##..........
#.))).#r#.(##......#..#.
#######'#####...........
#..........%'...........
#+#####'#####......#..#.
#...+ #........... #...#
####'#####++ #####
#.......# #.......#


You could see a quokka and a bat.

Vanquished Creatures
  A giant mite (D)
1 creature vanquished.

Notes
Turn   | Place    | Note
--------------------------------------------------------------
     0 | D        | JacquesDerrida, the Demonspawn Skald, began the quest for the Orb.
     0 | D        | Reached XP level 1. HP: 15/15 MP: 3/3
    12 | D        | Reached skill level 3 in Long Blades
    64 | D        | Found a viscous altar of Jiyva.
    64 | D        | Found a corrupted altar of Lugonu.
    64 | D        | Found a sparkling altar of Nemelex Xobeh.
    64 | D        | Found a shimmering altar of Xom.
    64 | D        | Found a deep blue altar of Sif Muna.
    64 | D        | Found a bloodstained altar of Trog.
    65 | D        | Found an iron altar of Okawaru.
    65 | D        | Found a roughly hewn altar of Beogh.
    65 | D        | Found a burning altar of Makhleb.
    65 | D        | Found an ancient bone altar of Kikubaaqudgha.
    65 | D        | Found a glowing silver altar of Zin.
    65 | D        | Found a radiant altar of Vehumet.
    65 | D        | Found a blossoming altar of Fedhas.
    65 | D        | Found a snail-covered altar of Cheibriados.
    65 | D        | Found a white marble altar of Elyvilon.
    65 | D        | Found a basalt altar of Yredelemnul.
    65 | D        | Found a glowing golden altar of the Shining One.
    65 | D        | Found a shattered altar of Ashenzari.
    84 | D        | Became a worshipper of Vehumet
   112 | D        | Slain by a quokka

Action                   || total
-------------------------++-------
Melee: Falchion          ||    10
 Cast: Infusion          ||     2
